[Event "Titled Tuesday Blitz June 6 Early 2023"]
[White "Arencibia Monduy, Antonio"]
[Black "Zaksaite, Salomeja"]
[WhiteFideId "3507939"]
[BlackFideId "12801496"]
[WhiteElo "2487"]
[BlackElo "2059"]
[Result "1-0"]
[Round "9"]
[TimeControl "180+2"]
[Date "2023.06.06"]
[WhiteClock "0:00:26"]
[BlackClock "0:00:02"]
[Board "89"]

1. e4 c5 2. Nf3 Nc6 3. c3 d5 4. exd5 Qxd5 5. d4 e6 6. Be2 Nf6 7. O-O Be7 8. Be3 cxd4 9. Nxd4 Nxd4 10. Bxd4 O-O 11. Bf3 Qd8 12. Qb3 Nd5 13. Rd1 Qc7 14. Na3 Bxa3 15. Qxa3 Bd7 16. Rac1 Bc6 17. c4 Nf4 18. Qe3 Ng6 19. Bxc6 Qxc6 20. Bxa7 Nh4 21. f3 Nf5 22. Qf2 Qa6 23. Bc5 Rfc8 24. a3 b6 25. Bxb6 Rxc4 26. Rxc4 Qxc4 27. Qd2 h5 28. Rc1 Qb5 29. Bf2 h4 30. Rc5 Qb3 31. Qc2 Qa2 32. g4 hxg3 33. hxg3 Qa1+ 34. Kg2 1-0


[Site "https://www.chess.com"]

[Event "Titled Tuesday Blitz June 6 Early 2023"]
[White "Nemec, Jachym"]
[Black "Cardozo Munar, Carlos Eduardo"]
[WhiteFideId "23716525"]
[BlackFideId "4409477"]
[WhiteElo "2347"]
[BlackElo "2067"]
[Result "1/2-1/2"]
[Round "9"]
[TimeControl "180+2"]
[Date "2023.06.06"]
[WhiteClock "0:00:47"]
[BlackClock "0:00:35"]
[Board "90"]

1. b3 Nf6 2. Nf3 g6 3. Bb2 Bg7 4. g3 O-O 5. d4 c6 6. Bg2 d5 7. O-O Re8 8. c4 Nbd7 9. Nbd2 e5 10. dxe5 Ng4 11. Qc2 dxc4 12. Nxc4 Qe7 13. Nd6 Rf8 14. Rfd1 Ngxe5 15. Nxc8 Raxc8 16. Nd4 Rfe8 17. e3 Nf6 18. h3 a6 19. a3 Rcd8 20. b4 Ned7 21. Nb3 Nb6 22. Nc5 Nfd5 23. Bxg7 Kxg7 24. Qb2+ Kg8 25. Rd4 Nf6 26. Rad1 Rxd4 27. Rxd4 h5 28. Qd2 Nbd5 29. e4 Nc7 30. f4 Ne6 31. Nxe6 Qxe6 32. Kh2 Qb3 33. e5 Nd5 34. Bxd5 cxd5 35. Rxd5 Qxa3 36. Rd3 Qa4 37. h4 Qc6 38. Rd6 Qc4 39. Rd4 Qc6 40. Qd3 Rc8 41. Rd8+ Rxd8 42. Qxd8+ Kg7 43. Qe7 Qe4 44. Qf6+ Kg8 45. Qd8+ Kg7 46. Qe7 Qe2+ 47. Kh3 Qg4+ 48. Kh2 Qe2+ 49. Kh3 Qg4+ 50. Kh2 Qe2+ 1/2-1/2


[Site "https://www.chess.com"]

[Event "Titled Tuesday Blitz June 6 Early 2023"]
[White "Ismayil, Malak"]
[Black "Martin, Lewis"]
[WhiteFideId "13412604"]
[BlackFideId "410551"]
[WhiteElo "1868"]
[BlackElo "2145"]
[Result "0-1"]
[Round "9"]
[TimeControl "180+2"]
[Date "2023.06.06"]
[WhiteClock "0:00:01"]
[BlackClock "0:00:34"]
[Board "91"]

1. e4 c5 2. Nf3 d6 3. Bb5+ Bd7 4. Bxd7+ Qxd7 5. O-O g6 6. d4 cxd4 7. Qxd4 Nf6 8. c4 Bg7 9. Nc3 Nc6 10. Qd3 O-O 11. b3 Nxe4 12. Qxe4 Bxc3 13. Rb1 Bf6 14. h4 h5 15. Bg5 Qg4 16. Qe3 Bxg5 17. hxg5 Rae8 18. Rbd1 h4 19. Kh2 f6 20. Rd5 Ne5 21. Nxe5 fxe5 22. c5 Rf5 23. cxd6 Rxg5 24. Qh3 Qf4+ 25. Kg1 exd6 26. Rxd6 Rf8 27. Rd7 Rg4 28. Rxb7 e4 29. Qe3 Qf3 30. Qxf3 exf3 31. Rd1 Rxg2+ 32. Kf1 Rc8 33. Rxa7 h3 34. Ra4 g5 35. Ra6 h2 36. Rh6 Rg1# 0-1


[Site "https://www.chess.com"]

[Event "Titled Tuesday Blitz June 6 Early 2023"]
[White "mohsengabr2002"]
[Black "Mrithyunjay Mahadevan"]
[BlackFideId "45003521"]
[WhiteElo "2263"]
[BlackElo "1626"]
[Result "0-1"]
[Round "9"]
[TimeControl "180+2"]
[Date "2023.06.06"]
[WhiteClock "0:00:02"]
[BlackClock "0:01:03"]
[Board "92"]

1. e4 c5 2. d3 Nc6 3. Nd2 g6 4. g3 Bg7 5. Bg2 e5 6. Ngf3 Nge7 7. O-O O-O 8. c3 d5 9. exd5 Nxd5 10. Qb3 Nb6 11. Qc2 Bf5 12. Ne4 c4 13. dxc4 Nxc4 14. Nh4 Be6 15. Rd1 Qe7 16. Ng5 Rad8 17. Nxe6 Qxe6 18. Rxd8 Rxd8 19. b3 Nb6 20. Nf3 h6 21. Nd2 f5 22. Nf1 e4 23. Ne3 Nb4 24. Qb2 Nd3 25. Qc2 Ne1 26. Qb2 Qd6 27. Bf1 Nf3+ 28. Kg2 Qc6 29. Nc4 Nxc4 30. Bxc4+ Kh7 31. a4 a6 32. a5 Rd1 33. Be3 Ne1+ 34. Kh3 f4 35. Rxd1 Qc8+ 36. g4 h5 37. f3 exf3 38. Bg8+ Kh8 0-1


[Site "https://www.chess.com"]

[Event "Titled Tuesday Blitz June 6 Early 2023"]
[White "Gomez Ledo, Roberto Carlos"]
[Black "Afanasieva, Alexandra"]
[WhiteFideId "3507076"]
[BlackFideId "34126926"]
[WhiteElo "2378"]
[BlackElo "1736"]
[Result "1-0"]
[Round "9"]
[TimeControl "180+2"]
[Date "2023.06.06"]
[WhiteClock "0:01:34"]
[BlackClock "0:00:03"]
[Board "93"]

1. d4 Nf6 2. Bf4 b6 3. e3 Bb7 4. h3 e6 5. Nf3 Nh5 6. Bh2 Be7 7. a4 a5 8. Nbd2 Nf6 9. Be2 O-O 10. O-O c5 11. c3 d5 12. Bb5 Bc6 13. Ne5 Bxb5 14. axb5 Nbd7 15. Nc6 Qe8 16. Qe2 Ne4 17. Nxe4 dxe4 18. Qc4 Nf6 19. Rfd1 Nd5 20. dxc5 Bxc5 21. Qxe4 f5 22. Qc4 f4 23. e4 Nf6 24. Bxf4 Nh5 25. Be3 Bxe3 26. fxe3 Ng3 27. Rd2 Rc8 28. Rad1 Qf7 29. Kh2 Qc7 30. Qxe6+ Kh8 31. Qe5 1-0


[Site "https://www.chess.com"]

[Event "Titled Tuesday Blitz June 6 Early 2023"]
[White "Makhmudov, Shukhrat"]
[Black "Shohat, Yotam"]
[WhiteFideId "14200775"]
[BlackFideId "2813955"]
[WhiteElo "2135"]
[BlackElo "2226"]
[Result "0-1"]
[Round "9"]
[TimeControl "180+2"]
[Date "2023.06.06"]
[WhiteClock "0:02:03"]
[BlackClock "0:01:59"]
[Board "94"]

1. e4 c5 2. Nf3 d6 3. d4 cxd4 4. Nxd4 Nf6 5. Nc3 a6 6. Bg5 e6 7. Bd3 h6 8. Bh4 Nc6 9. Nxc6 bxc6 10. O-O Be7 11. e5 dxe5 12. Bxf6 gxf6 13. Qf3 Bb7 14. Rad1 Qc7 15. Rfe1 O-O-O 16. Qe2 Qb6 17. Na4 Qa5 18. b3 Rd5 19. c4 Rd4 20. c5 Rhd8 21. Qc2 Rxd3 22. Rxd3 Qxe1# 0-1


[Site "https://www.chess.com"]

[Event "Titled Tuesday Blitz June 6 Early 2023"]
[White "Moral Garcia, Serafin"]
[Black "Topalov, Aleksandar"]
[WhiteFideId "2201925"]
[BlackFideId "925659"]
[WhiteElo "2274"]
[BlackElo "2151"]
[Result "1-0"]
[Round "9"]
[TimeControl "180+2"]
[Date "2023.06.06"]
[WhiteClock "0:01:18"]
[BlackClock "0:01:17"]
[Board "95"]

1. c4 Nf6 2. Nc3 g6 3. g3 Bg7 4. Bg2 O-O 5. d3 d6 6. Nf3 c5 7. a3 Nc6 8. Rb1 a5 9. O-O Bd7 10. Bd2 b6 11. Ne1 Rb8 12. Nc2 Re8 13. b4 axb4 14. axb4 cxb4 15. Nxb4 Nxb4 16. Rxb4 Qc7 17. Qb3 Bc6 18. Nb5 Qd7 19. Ra1 Bxb5 20. Rxb5 Ne4 21. Ra2 Nxd2 22. Rxd2 Bd4 23. e3 Bf6 24. Ra2 e6 25. Ra6 Bd8 26. Qa4 Rc8 27. h4 Rc5 28. Ra7 Qc8 29. Rxc5 1-0


[Site "https://www.chess.com"]

[Event "Titled Tuesday Blitz June 6 Early 2023"]
[White "Escanor89"]
[Black "Gatterer, Florian"]
[BlackFideId "811688"]
[WhiteElo "2524"]
[BlackElo "2221"]
[Result "1-0"]
[Round "9"]
[TimeControl "180+2"]
[Date "2023.06.06"]
[WhiteClock "0:00:39"]
[BlackClock "0:00:42"]
[Board "96"]

1. e4 c6 2. d4 d5 3. Nd2 dxe4 4. Nxe4 Nf6 5. Nxf6+ exf6 6. c3 Bd6 7. Bd3 h5 8. Ne2 h4 9. Qc2 h3 10. g3 Bg4 11. Be3 O-O 12. O-O-O b5 13. Kb1 Na6 14. Rde1 Nc7 15. Bh7+ Kh8 16. Bf5 Bxf5 17. Qxf5 Qc8 18. Qh5+ Kg8 19. Bf4 g6 20. Qh6 Qf5+ 21. Ka1 Bxf4 22. Nxf4 Rfe8 23. Qxh3 Qc2 24. Qd7 Rxe1+ 25. Rxe1 Qxf2 26. Rb1 Ne8 27. Qxc6 Rb8 28. Nd5 Kg7 29. a3 a5 30. g4 Qg2 31. Re1 b4 32. cxb4 axb4 33. Nxb4 Qf2 34. Rxe8 Rxb4 35. axb4 Qf1+ 36. Ka2 Qa6+ 37. Qxa6 1-0


[Site "https://www.chess.com"]

[Event "Titled Tuesday Blitz June 6 Early 2023"]
[White "Garcia Jimenez, Francisco Javier"]
[Black "Bruedigam, Martin"]
[WhiteFideId "2231590"]
[BlackFideId "24608033"]
[WhiteElo "2246"]
[BlackElo "2331"]
[Result "1-0"]
[Round "9"]
[TimeControl "180+2"]
[Date "2023.06.06"]
[WhiteClock "0:00:36"]
[BlackClock "0:00:07"]
[Board "97"]

1. e4 c6 2. Nf3 d5 3. exd5 cxd5 4. Ne5 Nc6 5. d4 Nf6 6. f4 a6 7. c3 Bf5 8. Bd3 Bxd3 9. Qxd3 e6 10. Nd2 g6 11. O-O h5 12. b3 Bd6 13. Bb2 Ne7 14. Rae1 Nf5 15. Ndf3 Ne4 16. c4 Qa5 17. cxd5 exd5 18. Ng5 Bxe5 19. dxe5 Qc5+ 20. Kh1 Nf2+ 21. Rxf2 Qxf2 22. Rf1 Qxb2 23. Qxd5 O-O 24. e6 Qf6 25. exf7+ Kh8 26. Re1 Nh6 27. h3 Nxf7 28. Re6 Qxf4 29. Rxg6 Nxg5 30. Rxg5 Qc1+ 31. Kh2 Qc7+ 32. Kg1 Qb6+ 33. Kh2 Qc7+ 34. Kg1 Rf7 35. Rxh5+ Rh7 36. Rg5 Re8 37. Qd4+ Rg7 38. Rh5+ Kg8 39. Qh4 Qb6+ 40. Kh1 Re6 41. Rh8+ Kf7 42. Qh5+ Reg6 43. Qf3+ Rf6 44. Qh5+ Ke7 45. Re8+ Kd7 46. Re1 Qc6 47. Rd1+ Kc7 48. Qe5+ Kb6 49. Qd4+ Kc7 50. Qd8# 1-0


[Site "https://www.chess.com"]

[Event "Titled Tuesday Blitz June 6 Early 2023"]
[White "Janaszak, Dawid"]
[Black "Fernandez Siles, Luis"]
[WhiteFideId "1119206"]
[BlackFideId "2209420"]
[WhiteElo "2220"]
[BlackElo "2195"]
[Result "1-0"]
[Round "9"]
[TimeControl "180+2"]
[Date "2023.06.06"]
[WhiteClock "0:00:38"]
[BlackClock "0:00:18"]
[Board "98"]

1. e4 c5 2. Nc3 Nc6 3. f4 g6 4. Nf3 Bg7 5. Bc4 e6 6. O-O Nge7 7. f5 O-O 8. fxe6 fxe6 9. a3 d5 10. exd5 exd5 11. Ba2 Kh8 12. d3 Qd6 13. Nb5 Qd7 14. Bg5 b6 15. Nc3 Bb7 16. Qd2 Rae8 17. Bh6 d4 18. Ne4 Nf5 19. Bxg7+ Kxg7 20. Nfg5 h6 21. Nh3 Ne3 22. Rf4 g5 23. Rf2 Ne5 24. Qe2 N5g4 25. Rf3 Rxe4 26. dxe4 Bxe4 27. Rxf8 Kxf8 28. Nf2 Kg7 29. Nxe4 1-0


[Site "https://www.chess.com"]

[Event "Titled Tuesday Blitz June 6 Early 2023"]
[White "Srdanovic, Jovana"]
[Black "Baraeva, Irina"]
[WhiteFideId "954810"]
[BlackFideId "24142565"]
[WhiteElo "2155"]
[BlackElo "2085"]
[Result "1/2-1/2"]
[Round "9"]
[TimeControl "180+2"]
[Date "2023.06.06"]
[WhiteClock "0:00:34"]
[BlackClock "0:00:35"]
[Board "99"]

1. d4 d5 2. c4 c6 3. Nc3 Nf6 4. Nf3 dxc4 5. a4 Bf5 6. e3 e6 7. Bxc4 Bb4 8. O-O O-O 9. Qe2 Bg6 10. Ne5 Nbd7 11. f4 c5 12. g4 cxd4 13. exd4 Nb6 14. Be3 Nxc4 15. Qxc4 Qe7 16. Rac1 Rac8 17. Qe2 Rfd8 18. Nb5 a6 19. Nc3 Bxc3 20. bxc3 Be4 21. c4 Nd7 22. Bf2 Nxe5 23. fxe5 Bg6 24. h4 h6 25. h5 Bh7 26. Qe3 Rd7 27. Kh2 Rdc7 28. Qb3 Qg5 29. Kh3 Be4 30. Be3 Qe7 31. Rf4 Bh7 32. Rcf1 Qe8 33. c5 Rd8 34. Bd2 Re7 35. Be1 Red7 36. Bh4 Rxd4 37. Bxd8 Rd3+ 38. Qxd3 Bxd3 39. Rd1 Qxd8 40. Rf3 Qd5 41. Rdxd3 Qxc5 42. Rd8+ Kh7 43. Rxf7 Qxe5 44. Rdd7 Qe3+ 45. Kg2 Qe2+ 46. Kg3 Qe3+ 47. Kg2 Qe2+ 48. Kg3 Qe3+ 49. Kg2 1/2-1/2


[Site "https://www.chess.com"]

[Event "Titled Tuesday Blitz June 6 Early 2023"]
[White "Estrada Nieto, Julian"]
[Black "Sargissyan, Sargis"]
[WhiteFideId "5101018"]
[BlackFideId "13303210"]
[WhiteElo "2161"]
[BlackElo "2109"]
[Result "1-0"]
[Round "9"]
[TimeControl "180+2"]
[Date "2023.06.06"]
[WhiteClock "0:00:17"]
[BlackClock "0:00:05"]
[Board "100"]

1. e4 c5 2. Nf3 d6 3. Bb5+ Nd7 4. d4 cxd4 5. Qxd4 a6 6. Bxd7+ Bxd7 7. Nc3 h6 8. O-O e5 9. Qd3 Nf6 10. Rd1 Be7 11. Nd2 O-O 12. a4 Be6 13. Nf1 Nd7 14. Ne3 Nc5 15. Qe2 Bg5 16. a5 Rc8 17. f3 Bxe3+ 18. Bxe3 f5 19. Qd2 fxe4 20. Qxd6 Qxd6 21. Rxd6 Bf5 22. Bxc5 Rxc5 23. fxe4 Bh7 24. Rd7 Rc4 25. Re1 Rd4 26. Rd1 Rxd1+ 27. Rxd1 Rf4 28. Rd8+ Kf7 29. Rd7+ Kf6 30. Rxb7 Bxe4 31. Rb6+ Kf5 32. Ne2 Rg4 33. Ng3+ Kg5 34. Nxe4+ Rxe4 35. Rxa6 Re2 36. Rc6 Kf4 37. a6 Ke3 38. h3 e4 39. a7 Re1+ 40. Kh2 Ra1 41. Rc7 Ke2 42. b4 e3 43. b5 Kf2 44. b6 e2 45. Rf7+ Ke3 46. Re7+ Kf2 47. Rxe2+ Kxe2 48. b7 1-0


[Site "https://www.chess.com"]

[Event "Titled Tuesday Blitz June 6 Early 2023"]
[White "Khromkin, Andrey"]
[Black "Bashirli, Saadat"]
[WhiteFideId "4154126"]
[BlackFideId "13429990"]
[WhiteElo "2450"]
[BlackElo "1408"]
[Result "0-1"]
[Round "9"]
[TimeControl "180+2"]
[Date "2023.06.06"]
[WhiteClock "0:00:07"]
[BlackClock "0:00:18"]
[Board "102"]

1. d4 d5 2. c4 e6 3. Nc3 c6 4. e3 Nf6 5. Qc2 Bd6 6. Nf3 Nbd7 7. g4 Nxg4 8. Rg1 Ndf6 9. h3 Nh6 10. Rxg7 Nf5 11. Rg1 Bd7 12. Bd3 dxc4 13. Bxf5 exf5 14. Ne5 Be6 15. e4 Bxe5 16. dxe5 Nxe4 17. Nxe4 fxe4 18. Qxe4 Qd5 19. Qxd5 cxd5 20. Bg5 Rg8 21. Kd2 Bxh3 22. Kc3 Kd7 23. Kd4 Ke6 24. Bf6 Bf5 25. a4 Rg6 26. Rxg6 fxg6 27. a5 Rc8 28. Ra4 h5 29. Rb4 Rc7 30. Rb5 Be4 31. a6 b6 32. Rb4 Rc5 0-1


[Site "https://www.chess.com"]

[Event "Titled Tuesday Blitz June 6 Early 2023"]
[White "Vifleemskaia, Svetlana"]
[Black "Balla, Tamas-Kristof"]
[WhiteFideId "4129490"]
[BlackFideId "1208497"]
[WhiteElo "1930"]
[BlackElo "2334"]
[Result "0-1"]
[Round "9"]
[TimeControl "180+2"]
[Date "2023.06.06"]
[WhiteClock "0:00:14"]
[BlackClock "0:01:11"]
[Board "103"]

1. d4 d5 2. c4 e6 3. Nc3 c5 4. cxd5 exd5 5. Nf3 Nc6 6. g3 Nf6 7. Bg2 cxd4 8. Nxd4 Bc5 9. Nb3 Bb6 10. O-O d4 11. Na4 O-O 12. Nxb6 axb6 13. Bg5 Re8 14. e3 dxe3 15. Qxd8 exf2+ 16. Rxf2 Rxd8 17. Bxf6 gxf6 18. Rxf6 Be6 19. Rff1 Ra4 20. Nc1 Rd2 21. Rf2 Rd1+ 22. Rf1 Rad4 23. Nb3 Rxa1 24. Rxa1 Ra4 25. Nc1 Nd4 26. Nd3 Rc4 27. Rc1 Ne2+ 0-1


[Site "https://www.chess.com"]

[Event "Titled Tuesday Blitz June 6 Early 2023"]
[White "Amitpal, Singh"]
[Black "Ansh M Shah"]
[WhiteFideId "5012899"]
[BlackFideId "25033379"]
[WhiteElo "2107"]
[BlackElo "2084"]
[Result "0-1"]
[Round "9"]
[TimeControl "180+2"]
[Date "2023.06.06"]
[WhiteClock "0:00:02"]
[BlackClock "0:00:06"]
[Board "104"]

1. e4 c6 2. d4 d5 3. exd5 cxd5 4. Bd3 Nc6 5. c3 Nf6 6. Bf4 Bg4 7. f3 Bh5 8. Ne2 Bg6 9. Na3 e6 10. Nc2 Bd6 11. O-O Nh5 12. Bxd6 Qxd6 13. Ne3 Nf4 14. Nxf4 Qxf4 15. Qe2 O-O 16. Bxg6 hxg6 17. Ng4 Rac8 18. Rae1 a6 19. Ne5 Nxe5 20. Qxe5 Qxe5 21. Rxe5 Rc4 22. f4 b5 23. a3 a5 24. g4 b4 25. axb4 axb4 26. Rf3 Ra8 27. f5 gxf5 28. gxf5 Ra1+ 29. Kg2 Ra2 30. fxe6 Rxb2+ 31. Kg3 fxe6 32. cxb4 Rc6 33. Rf4 Rxb4 34. Kg4 Rb7 35. h4 Rf7 36. Re2 Rf6 37. Rxf6 gxf6 38. Kf4 Rc4 39. Ke3 Kf7 40. Rh2 Rc3+ 41. Kd2 Ra3 42. Rh1 Kg6 43. h5+ Kh6 44. Re1 Ra6 45. Rh1 e5 46. dxe5 fxe5 47. Re1 Re6 48. Rh1 Kg5 49. Ke3 Rh6 50. Rd1 Rd6 51. Rh1 Ra6 52. Kf3 Ra3+ 53. Ke2 Ra6 54. Kf3 Rf6+ 55. Ke3 Rh6 56. Rd1 Rd6 57. Rh1 Kh6 58. Kf3 Rf6+ 59. Ke3 Rf5 60. Rd1 d4+ 61. Ke4 Rxh5 62. Ra1 Rg5 63. Ra8 Kh5 64. Rf8 Kg4 65. Rf1 Kh3 66. Rh1+ Kg2 67. Rh8 Kf2 68. Rh3 Ke2 69. Rh2+ Kd1 70. Rh1+ Kc2 71. Rh2+ Kc3 72. Rh3+ Kc4 73. Rh8 Rg4+ 74. Kf3 Rf4+ 75. Ke2 Kd5 76. Ra8 Rh4 77. Rf8 Rh2+ 78. Ke1 Ke4 79. Rg8 Kd3 80. Rg3+ Kc4 81. Rg8 e4 82. Rg3 e3 83. Rg1 Ra2 84. Rg8 Kd3 85. Kf1 Ra1+ 86. Kg2 e2 87. Rg3+ Kd2 88. Rd3+ Kxd3 0-1


[Site "https://www.chess.com"]

[Event "Titled Tuesday Blitz June 6 Early 2023"]
[White "Rosh Jain"]
[Black "Chernobay, Artem"]
[WhiteFideId "25789465"]
[BlackFideId "4167406"]
[WhiteElo "2233"]
[BlackElo "2474"]
[Result "0-1"]
[Round "9"]
[TimeControl "180+2"]
[Date "2023.06.06"]
[WhiteClock "0:00:01"]
[BlackClock "0:00:16"]
[Board "105"]

1. e4 e6 2. d4 d5 3. Nc3 Nf6 4. Bg5 dxe4 5. Nxe4 Be7 6. Bxf6 gxf6 7. Nf3 a6 8. Bd3 f5 9. Ng3 b5 10. c3 Bb7 11. Qc2 Qd6 12. Nh5 Rg8 13. Ng3 Nd7 14. O-O-O Bxf3 15. gxf3 Qf4+ 16. Kb1 Qxf3 17. a4 c6 18. Rhe1 Kf8 19. Re3 Qd5 20. Nh5 Rg5 21. Nf4 Qd6 22. Nh3 Rg2 23. Rde1 Nf6 24. Bxf5 Nd5 25. Be4 Nxe3 26. Rxe3 Rxh2 27. Bxh7 Rh1+ 28. Ka2 Qd5+ 29. b3 bxa4 30. c4 axb3+ 31. Qxb3 Qa5+ 32. Kb2 Qd2+ 33. Bc2 Qxd4+ 34. Rc3 Bf6 35. Ng5 Bxg5 36. Ka2 Bf6 37. Qb4+ c5 38. Qb6 Ra1+ 39. Kxa1 Qxc3+ 40. Ka2 Qxc2+ 41. Ka3 Qc1+ 42. Kb3 Qb1+ 43. Ka3 Qxb6 44. f4 Qb2+ 45. Ka4 Qb4# 0-1


[Site "https://www.chess.com"]

[Event "Titled Tuesday Blitz June 6 Early 2023"]
[White "Novikov, Evgenij"]
[Black "Zenin, Dmitry"]
[WhiteFideId "4125380"]
[BlackFideId "4127897"]
[WhiteElo "2242"]
[BlackElo "2215"]
[Result "1-0"]
[Round "9"]
[TimeControl "180+2"]
[Date "2023.06.06"]
[WhiteClock "0:00:35"]
[BlackClock "0:00:35"]
[Board "106"]

1. d4 Nf6 2. Nf3 g6 3. Bf4 Bg7 4. e3 d6 5. Be2 Nh5 6. Bg5 h6 7. Bh4 c5 8. c3 g5 9. Nfd2 cxd4 10. cxd4 Nf4 11. exf4 gxh4 12. Nb3 Nc6 13. Nc3 d5 14. Bf3 e6 15. O-O Qb6 16. Ne2 a5 17. a4 f5 18. Bh5+ Kf8 19. Qd3 Bf6 20. Rfe1 Kg7 21. Rad1 Nb4 22. Qc3 Bd7 23. Nc5 Be8 24. Ng3 hxg3 25. Qxg3+ Kh7 26. Rxe6 1-0


[Site "https://www.chess.com"]

[Event "Titled Tuesday Blitz June 6 Early 2023"]
[White "Hoffmann, Asa"]
[Black "Krutko, Anatoly"]
[WhiteFideId "2001470"]
[BlackFideId "4185862"]
[WhiteElo "2117"]
[BlackElo "2378"]
[Result "0-1"]
[Round "9"]
[TimeControl "180+2"]
[Date "2023.06.06"]
[WhiteClock "0:00:01"]
[BlackClock "0:00:33"]
[Board "107"]

1. d4 Nf6 2. Bg5 c5 3. d5 Qb6 4. Nc3 d6 5. e4 Nbd7 6. Rb1 h6 7. Bh4 g6 8. f4 Bg7 9. Nf3 O-O 10. Be2 Ng4 11. Qd2 c4 12. h3 Ngf6 13. e5 dxe5 14. fxe5 Nh5 15. Bf2 Qa5 16. g4 Nxe5 17. gxh5 Nxf3+ 18. Bxf3 g5 19. Bd4 e5 20. dxe6 fxe6 21. Bxg7 Rxf3 22. Bd4 Qf5 23. Qe2 e5 24. Be3 Be6 25. Rd1 Rf8 26. Rd6 Rxh3 27. Rf1 Rxe3 28. Rxf5 Rxe2+ 29. Kxe2 Bxf5 30. Nd5 Bxc2 31. Rxh6 Bd3+ 32. Ke3 Kg7 0-1


[Site "https://www.chess.com"]

[Event "Titled Tuesday Blitz June 6 Early 2023"]
[White "Camilla_Lee"]
[Black "Fajdetic, Hrvoje"]
[BlackFideId "14501945"]
[WhiteElo "2499"]
[BlackElo "2185"]
[Result "0-1"]
[Round "9"]
[TimeControl "180+2"]
[Date "2023.06.06"]
[WhiteClock "0:01:17"]
[BlackClock "0:00:38"]
[Board "108"]

1. e4 e6 2. d4 d5 3. e5 c5 4. c3 Nc6 5. Nf3 Bd7 6. a3 f6 7. b4 c4 8. exf6 Nxf6 9. b5 Na5 10. a4 Nb3 11. Ra2 Nxc1 12. Qxc1 Bd6 13. g3 O-O 14. Bg2 Ne4 15. O-O Qf6 16. Nbd2 Nxd2 17. Nxd2 Be8 18. f4 Bh5 19. Nf3 Bxf3 20. Rxf3 h5 21. Re2 Rae8 22. Qe1 Re7 23. Rfe3 Rfe8 24. Bh3 Kf7 25. Rf2 g6 26. Qe2 h4 27. Qg4 hxg3 28. Rxg3 Rh8 29. Bf1 Rh4 30. Qf3 Rxf4 31. Qg2 Rxf2 32. Qxf2 Qxf2+ 33. Kxf2 Bxg3+ 34. hxg3 e5 35. dxe5 Rxe5 0-1


[Site "https://www.chess.com"]

[Event "Titled Tuesday Blitz June 6 Early 2023"]
[White "Dwilewicz, Katarzyna"]
[Black "Turzo, Attila"]
[WhiteFideId "1148486"]
[BlackFideId "704954"]
[WhiteElo "2098"]
[BlackElo "2471"]
[Result "0-1"]
[Round "9"]
[TimeControl "180+2"]
[Date "2023.06.06"]
[WhiteClock "0:00:15"]
[BlackClock "0:01:13"]
[Board "109"]

1. e4 d6 2. d4 Nf6 3. Nc3 g6 4. f4 Bg7 5. Nf3 O-O 6. e5 dxe5 7. dxe5 Qxd1+ 8. Nxd1 Nd5 9. c4 Nb4 10. Ne3 a5 11. a3 N4a6 12. b4 b6 13. Bb2 Bb7 14. Nd5 e6 15. Nf6+ Bxf6 16. exf6 axb4 17. axb4 Nxb4 18. Rxa8 Bxa8 19. Kd2 Rd8+ 20. Kc3 c5 21. Be2 Bxf3 22. gxf3 N8c6 23. h4 h5 24. Ra1 Na5 25. Ba3 Nac6 26. Rg1 Kf8 27. Rb1 Ke8 28. Rb2 Kd7 29. Bd1 Kc7 30. Rb1 Rd3+ 31. Kb2 Nd4 32. Bxb4 cxb4 33. Ra1 Kc6 34. Kc1 Ra3 35. Rb1 Kc5 36. Rb2 Ra1+ 37. Kd2 Kxc4 38. Be2+ Nxe2 39. Kxe2 b3 40. f5 exf5 41. Rd2 Ra2 0-1


[Site "https://www.chess.com"]

[Event "Titled Tuesday Blitz June 6 Early 2023"]
[White "Horak, Martin"]
[Black "Goswami, Vedant"]
[WhiteFideId "367095"]
[BlackFideId "5003725"]
[WhiteElo "2091"]
[BlackElo "2011"]
[Result "0-1"]
[Round "9"]
[TimeControl "180+2"]
[Date "2023.06.06"]
[WhiteClock "0:00:03"]
[BlackClock "0:00:08"]
[Board "110"]

1. e4 e5 2. Nc3 Nf6 3. Bc4 Bb4 4. d3 c6 5. f4 d5 6. exd5 Nxd5 7. Ne2 Qh4+ 8. g3 Qe7 9. fxe5 Qxe5 10. Bxd5 cxd5 11. Bf4 Qh5 12. a3 Ba5 13. Bd6 Nc6 14. Nf4 Qxd1+ 15. Rxd1 Bxc3+ 16. bxc3 Be6 17. Kf2 Kd7 18. Bc5 b6 19. Be3 Rac8 20. Rhe1 Rhe8 21. Rd2 f6 22. h4 Bg4 23. Nxd5 Ne5 24. Bf4 Nf3 25. Rxe8 Rxe8 26. Re2 Rxe2+ 27. Kxe2 Nxh4+ 28. Kf2 Nf5 29. a4 Bd1 30. Nb4 a5 31. Nd5 Kc6 32. c4 Bxc2 33. Ke2 Bxa4 34. g4 Nd4+ 35. Ke3 Ne6 36. Bg3 b5 37. Nc3 Nc5 38. d4 Nb3 39. Bf2 Na1 40. d5+ Kd6 41. c5+ Kxc5 0-1


[Site "https://www.chess.com"]

[Event "Titled Tuesday Blitz June 6 Early 2023"]
[White "Lacasa Diaz, Jose Antonio"]
[Black "Xu, Daniel"]
[WhiteFideId "2203375"]
[BlackFideId "2627345"]
[WhiteElo "2338"]
[BlackElo "1980"]
[Result "1-0"]
[Round "9"]
[TimeControl "180+2"]
[Date "2023.06.06"]
[WhiteClock "0:00:35"]
[BlackClock "0:00:01"]
[Board "111"]

1. d4 Nf6 2. c4 g6 3. Nf3 Bg7 4. Nc3 O-O 5. e4 d6 6. Be2 e5 7. d5 a5 8. Bg5 h6 9. Bxf6 Bxf6 10. O-O Na6 11. Ne1 Bg7 12. Nd3 f5 13. a3 Nc5 14. Nxc5 dxc5 15. Bd3 f4 16. Be2 h5 17. Rb1 Rf6 18. Bf3 Bf8 19. h3 Rf7 20. Na2 Qg5 21. Kh1 Qh4 22. Nc1 g5 23. Nd3 g4 24. Nxe5 gxf3 25. Qxf3 Rg7 26. Nd3 Bg4 27. Qxf4 Bd6 28. e5 Rf8 29. Qg3 Qd8 30. exd6 Bf3 31. dxc7 Qd7 32. Ne5 Qxc7 33. Qxf3 Rxf3 34. Nxf3 Re7 35. Rfe1 Rf7 36. Re3 Qf4 37. b3 a4 38. bxa4 Qxc4 39. Ne5 1-0


[Site "https://www.chess.com"]

[Event "Titled Tuesday Blitz June 6 Early 2023"]
[White "Rian, Kapriaga"]
[Black "Sanhueza, Cristian"]
[WhiteFideId "7103263"]
[BlackFideId "116815"]
[WhiteElo "2331"]
[BlackElo "2174"]
[Result "0-1"]
[Round "9"]
[TimeControl "180+2"]
[Date "2023.06.06"]
[WhiteClock "0:00:41"]
[BlackClock "0:01:56"]
[Board "112"]

1. d4 Nf6 2. c4 g6 3. Nc3 Bg7 4. e4 d6 5. Bd3 O-O 6. Nge2 Nc6 7. O-O Nh5 8. d5 Ne5 9. Ng3 Nxg3 10. hxg3 Nxd3 11. Qxd3 e5 12. Be3 f5 13. exf5 gxf5 14. f4 e4 15. Qd2 Qf6 16. Rfd1 Qg6 17. Ne2 Bd7 18. Bd4 Rae8 19. Bxg7 Qxg7 20. Qc3 Qg4 21. Nd4 Rf7 22. Qe3 Rg7 23. Kf2 c5 24. Ne2 b5 25. b3 Rb8 26. Rab1 Be8 27. Rh1 bxc4 28. bxc4 Rgb7 29. Rxb7 Rxb7 30. Qc3 Qg7 31. Qf6 Qxf6 0-1


[Site "https://www.chess.com"]

[Event "Titled Tuesday Blitz June 6 Early 2023"]
[White "Womacka, Mathias"]
[Black "Ziatdinov, Raset"]
[WhiteFideId "4611390"]
[BlackFideId "2015323"]
[WhiteElo "2377"]
[BlackElo "2220"]
[Result "1/2-1/2"]
[Round "9"]
[TimeControl "180+2"]
[Date "2023.06.06"]
[WhiteClock "0:00:18"]
[BlackClock "0:00:16"]
[Board "113"]

1. e4 e6 2. d4 d5 3. Nd2 c5 4. exd5 Qxd5 5. Ngf3 cxd4 6. Bc4 Qd6 7. O-O Nf6 8. Nb3 Nc6 9. Nbxd4 Nxd4 10. Nxd4 Qc7 11. Bb3 a6 12. Qf3 Bd6 13. h3 O-O 14. Bg5 Be5 15. Rad1 h6 16. Bc1 Bd7 17. c3 Rfd8 18. Rfe1 Nd5 19. Bxd5 exd5 20. Nf5 Bc6 21. Qg4 Kh8 22. Bf4 f6 23. Bxe5 fxe5 24. Nh4 Be8 25. Qe6 d4 26. Qxe5 Qxe5 27. Rxe5 dxc3 28. Rxd8 Rxd8 29. bxc3 Bc6 30. Nf5 Rd1+ 31. Kh2 Rd2 32. Nd4 Rxf2 33. Nxc6 bxc6 34. Rc5 Rxa2 35. Rxc6 a5 36. c4 a4 37. c5 a3 38. Ra6 Rc2 1/2-1/2


[Site "https://www.chess.com"]